 Dungeon Crawl Stone Soup version 0.29-a0-617-g7a6b98fccd (webtiles) character file.

Game seed: 17409060089601828334

858 DocClef the Fighter (level 8, 0/62 HPs)
             Began as a Gargoyle Fighter on June 17, 2022.
             Slain by a gnoll sergeant
             ... wielding a +2 spear of freezing
              (1 damage)
             ... on level 5 of the Dungeon.
             The game lasted 00:05:29 (4722 turns).

DocClef the Fighter (Gargoyle Fighter)              Turns: 4722, Time: 00:05:30

Health: 0/62       AC: 16    Str: 22    XL:     8   Next: 2%
Magic:  8/8        EV:  7    Int:  9    God:
Gold:   226        SH:  4    Dex:  9    Spells: 7/7 levels left

rFire   . . .      SeeInvis .   D - +0 flail (holy)
rCold   + + .      Faith    .   c - +0 buckler
rNeg    + . .      Spirit   .   r - +2 chain mail {rC+}
rPois   ∞          Reflect  .   (helmet restricted)
rElec   +          Harm     .   (no cloak)
rCorr   .          Rampage  .   (no gloves)
Will    .....                   (no boots)
Stlth   ..........              (no amulet)
HPRegen 0.20/turn               l - ring of protection from cold
MPRegen 0.11/turn               (no ring)

@: mighty, brilliant, attractive, flying
A: sickness immunity, AC +5, negative energy resistance 1, electricity
resistance, torment resistance 1, petrification resistance, horns 2, sense
surroundings 1, robust 1
a: no special abilities


You were on level 5 of the Dungeon.
You visited 1 branch of the dungeon, and saw 5 of its levels.

You collected 226 gold pieces.

Inventory:

Hand Weapons
 a - a +0 flail
 D - a +0 flail of holy wrath (weapon)
Armour
 c - a +0 buckler (worn)
 j - a +2 helmet
 r - a +2 chain mail of cold resistance (worn)
Jewellery
 l - a ring of protection from cold (left hand)
 y - a +6 ring of dexterity
Wands
 q - a wand of flame (57)
Scrolls
 e - 3 scrolls of teleportation {unknown}
 g - 8 scrolls of identify {unknown}
 m - a scroll of magic mapping {unknown}
 n - a scroll of enchant weapon {unknown}
 o - 2 scrolls of amnesia {unknown}
 s - a scroll of summoning {unknown}
 v - a scroll of poison {unknown}
 w - a scroll of vulnerability {unknown}
 x - a scroll of enchant armour {unknown}
 B - 2 scrolls of noise {unknown}
Potions
 h - a potion of curing
 i - 4 potions of mutation
 k - a potion of flight
 p - a potion of attraction
 t - a potion of berserk rage {unknown}
 u - a potion of lignification {unknown}
 z - a potion of ambrosia {unknown}
 A - a potion of haste {unknown}
 C - a potion of magic {unknown}


   Skills:
 + Level 10.2 Fighting
 - Level 2.0 Maces & Flails
 - Level 3.2 Armour
 - Level 3.2 Shields


You had 7 spell levels left.
You didn't know any spells.
Your spell library contained the following spells:

 Spells                   Type           Power      Damage    Failure   Level
 Apportation              Tloc           0%         N/A       99%         1
 Ensorcelled Hibernation  Hex/Ice        0%         N/A       100%        2
 Call Canine Familiar     Summ           0%         N/A       100%        3
 Portal Projectile        Hex/Tloc       0%         N/A       100%        3
 Spider Form              Tmut/Pois      0%         N/A       100%        3
 Anguish                  Hex/Necr       0%         N/A       100%        4
 Leda's Liquefaction      Hex/Erth       0%         N/A       100%        4
 Alistair's Intoxication  Tmut/Pois      0%         N/A       100%        5


Dungeon Overview and Level Annotations

Branches:
Dungeon (5/15)
 Temple: D:4-7

Altars:
Qazlal
Xom

Annotations:
D:3 3 runed translucent doors, bande's ghost, amateur GrFi


Innate Abilities, Weirdness & Mutations

You are immune to sickness and miasma.
Your stone body is resilient. (AC +5)
You are immune to poison.
You resist negative energy. (rN+)
You are resistant to electric shocks. (rElec)
You are resistant to unholy torment.
You are immune to petrification.
You have a pair of horns on your head.
You passively map a small area around you.
You are robust. (+10% HP)


Message History

The gnoll hits you from afar with a +0 spear.
The adder bites you but does no damage.
You thump the gnoll sergeant!
The gnoll sergeant is heavily wounded.
The gnoll hits you but does no damage. You block the gnoll sergeant's attack.
The adder completely misses you.
You barely miss the gnoll sergeant.
The gnoll sergeant is heavily wounded.
The adder bites you but does no damage.
The gnoll hits you from afar with a +0 spear.
* * * LOW HITPOINT WARNING * * *
The gnoll sergeant barely misses you. The adder bites you but does no damage.
You block the gnoll sergeant's attack. The gnoll barely misses you.
It was a potion of mutation.
You feel extremely strange.
You feel a strange attunement to the structure of the dungeons.
A pair of horns grows on your head!
Your +2 helmet falls away!
You feel robust. The horns on your head grow some more. The adder misses you.
You block the gnoll sergeant's attack. You block the gnoll's attack.
It was a potion of flight.
You feel very buoyant.
You fly up into the air.
The adder bites you but does no damage. You block the adder's attack.
The gnoll sergeant hits you with a +2 spear of freezing.
* * * LOW HITPOINT WARNING * * *
The gnoll hits you but does no damage.
It was a potion of attraction.
You feel attractive to monsters. The adder bites you but does no damage.
The gnoll sergeant hits you with a +2 spear of freezing.
* * * LOW HITPOINT WARNING * * *
The gnoll sergeant freezes you.
* * * LOW HITPOINT WARNING * * *
The gnoll hits you but does no damage.
You feel better. The adder bites you but does no damage.
The gnoll sergeant hits you with a +2 spear of freezing!
* * * LOW HITPOINT WARNING * * *
The gnoll sergeant freezes you.
You die...

## . #.# #.# ..# #.#
#..##.#### #.##..#
#...)....# #..#.##
###........# .......
...........# #...# *
*#........# ....##
#....g...# .....##
###.#S#### ......###
#.#@# ....#...# ##.#g#
....###.## ##..gc#*
.#### #..###...#....#
.#######.....#.#.##.#
.##..................#
.#...##...###...##.. *
#...# #.#.# #.#.# #.,*
#.#.###...# #...# ..


You could see a gnoll sergeant, a centaur, 2 gnolls and an adder.

Vanquished Creatures
  A water moccasin (D:4)
  2 ogres
  A phantom (D:5)
  A necrophage (D:4)
  A hound (D:5)
  An orc priest (D:2)
  A jelly (D:5)
  Jessica (D:2)
  An iguana (D:5)
  Terence (D:3)
  Natasha (thrice) (D:2)
  An orc wizard (D:2)
  Ijyb (D:2)
  Robin (D:2)
  5 adders
  A gnoll (D:4)
  An ufetubus (D:5)
  3 worms
  3 dart slugs (D:1)
  11 orcs
  3 ball pythons
  4 endoplasms
  2 giant cockroaches
  6 goblins
  11 hobgoblins
  3 quokkas
  5 bats
  4 frilled lizards (D:1)
  7 kobolds
  3 rats
89 creatures vanquished.

Notes
Turn   | Place    | Note
-------+----------+-------------------------------------------
     0 | D:1      | DocClef the Gargoyle Fighter began the quest for the Orb.
     0 | D:1      | Reached XP level 1. HP: 14/14 MP: 1/1
    83 | D:1      | Reached XP level 2. HP: 5/20 MP: 2/2
   367 | D:1      | Reached skill level 4 in Fighting
   389 | D:1      | Found a faded altar of an unknown god.
   686 | D:1      | Reached XP level 3. HP: 21/24 MP: 3/3
  1024 | D:2      | Noticed Jessica
  1036 | D:2      | Killed Jessica
  1037 | D:2      | Reached skill level 5 in Fighting
  1124 | D:2      | Found a stormy altar of Qazlal.
  1128 | D:2      | Noticed Robin
  1216 | D:1      | Reached XP level 4. HP: 17/31 MP: 4/4
  1363 | D:2      | Killed Robin
  1375 | D:2      | Noticed Natasha
  1382 | D:2      | Killed Natasha
  1590 | D:2      | Reached skill level 6 in Fighting
  1678 | D:2      | Noticed Natasha
  1684 | D:2      | Killed Natasha
  1685 | D:2      | Reached XP level 5. HP: 35/36 MP: 5/5
  1925 | D:2      | Noticed Natasha
  1934 | D:2      | Killed Natasha
  2190 | D:2      | Reached skill level 7 in Fighting
  2370 | D:3      | Noticed Ijyb
  2386 | D:2      | Killed Ijyb
  2387 | D:2      | Reached XP level 6. HP: 27/44 MP: 6/6
  2536 | D:3      | Found a shimmering altar of Xom.
  2618 | D:3      | Found a runed translucent gate.
  2618 | D:3      | Found a runed translucent gate.
  2618 | D:3      | Found a runed translucent gate.
  2619 | D:3      | Noticed bande's ghost (amateur GrFi)
  2828 | D:3      | Noticed Terence
  2844 | D:3      | Killed Terence
  3166 | D:4      | Noticed a water moccasin
  3181 | D:4      | Killed a water moccasin
  3182 | D:4      | Reached skill level 8 in Fighting
  3336 | D:4      | Reached XP level 7. HP: 50/50 MP: 7/7
  4004 | D:5      | Entered Level 5 of the Dungeon
  4016 | D:4      | Reached skill level 9 in Fighting
  4521 | D:5      | HP: 2/52 [ogre/+0 giant club (10)]
  4523 | D:5      | Reached skill level 10 in Fighting
  4523 | D:5      | Reached XP level 8. HP: 2/57 MP: 8/8
  4719 | D:5      | Gained mutation: You passively map a small area around you.
                  | [potion of mutation]
  4719 | D:5      | Gained mutation: You have a pair of small horns on your
                  | head. [potion of mutation]
  4719 | D:5      | Gained mutation: You are robust. (+10% HP) [potion of
                  | mutation]
  4719 | D:5      | Gained mutation: You have a pair of horns on your head.
                  | [potion of mutation]
  4722 | D:5      | HP: 1/62 [gnoll sergeant/+2 spear of freezing (9)]
  4722 | D:5      | Slain by a gnoll sergeant

Illustrated notes

Levels and vault maps discovered:
D:1:      matt_arrival_spirals, layout_basic,
          hellmonk_ecumenical_altar_crossroads
D:2:      layout_basic, basic_altar, uniq_robin, uniq_natasha, uniq_jessica
D:3:      layout_loops_ring, overflow_temple_1_default,
          gammafunk_ghost_nasty_kobolds, minmay_misc_feat_diagonals,
          kennysheep_donut, uniq_terence, uniq_ijyb
D:4:      layout_cave_pods, dk_vineyard_1
D:5:      layout_rooms, minmay_shop_enchanted_jewellery, minmay_starry_boxes

Skill      XL: |  1  2  3  4  5  6  7 |
---------------+----------------------+-----
Fighting       | 4 5 6 7 8 10 | 10.2
Maces & Flails | |  2.0
Armour         | |  3.2
Shields        | |  3.2

Action                   |  1- 3 |  4- 6 |  7- 9 || total
-------------------------+-------+-------+-------++-------
Melee: Flail             |    71 |   195 |    83 ||   349
Throw: Throwing net      |       |       |     2 ||     2
  Use: Potion            |       |       |     7 ||     7
Armor: Scale mail        |    62 |    66 |       ||   128
       Chain mail        |       |    41 |    86 ||   127
Dodge: Dodged            |    53 |    81 |    55 ||   189
Block: Buckler           |    21 |    38 |    19 ||    78

Table legend: (Time is in decaauts)
 A = Elapsed time spent in this place.
 B = Non-inter-level travel time spent in this place.
 C = Inter-level travel time spent in this place.
 D = Time resting spent in this place.
 E = Time spent auto-exploring this place.
 F = Levels seen in this place.
 G = Mean time per level.
                   A        B        C        D        E       F      G
               +--------+--------+--------+--------+--------+-----+--------+
         Total |   4860 |   4673 |    187 |   1190 |   2500 |   5 |  972.0 |
       Dungeon |   4860 |   4673 |    187 |   1190 |   2500 |   5 |  972.0 |
               +--------+--------+--------+--------+--------+-----+--------+

Top non-repeatable levels by time:
     D:2: 1389 daAuts
     D:1: 1154 daAuts
     D:4: 1050 daAuts
     D:3: 712 daAuts
     D:5: 553 daAuts
